Workbook
Name CompanyAddress: #REF!
Name CompanyAddress: #REF!
Name CompanyAddress: #REF!
Name CompanyCity: #REF!
Name CompanyCity: #REF!
Name CompanyCity: #REF!
Name CompanyContactsHeader: 'Datos de ejemplo'!$W$1
Name CompanyCountry: #REF!
Name CompanyCountry: #REF!
Name CompanyCountry: #REF!
Name CompanyName: #REF!
Name CompanyName: #REF!
Name CompanyName: #REF!
Name CompanyState: #REF!
Name CompanyState: #REF!
Name CompanyState: #REF!
Name CompanyZip: #REF!
Name CompanyZip: #REF!
Name CompanyZip: #REF!
Name DataDisplayed: "Ejemplo"
Name Slicer_Contact_Type: #N/A
Name tablonx: 'LISTA DE INSUMOS'!#REF!

Sheet Aclaraciòn 
B90: sgat03/escritorio/trabajoencas/preciosunitarios
B91: sgat03/escritorio/trabajoencas/preciosunitarios/apus_risaralda_2021_1 INVIAS
B92: sgat03/escritorio/trabajoencas/preciosunitarios/ase Precios de Referencia _Alcaldia de Pereira_ JUNIO 21-2021 S.F.
B93: https://www.homecenter.com.co/homecenter-co/category/cat1680188
B94: https://pinturasalgreco.com
B95: info@ingepol.com
B96: www.canteracombia.co
B97: http://www.colombia.generadordeprecios.info/obra_nueva
B98: https://aconstructoras.com/product_info.php?products_id=5073
B99: https://www.easy.com.co/
B100: file:///C:/Users/57310/Desktop/CARDER-trabajo%20en%20casa/Precios%20unitarios/listadepreciosDurman%20Tuberias%20concreto.pdf
B101: https://www.concisa.com.co/portafolio-de-productos/alcantarillado/
... B145: https://www.almacencanaima.com/producto/309/sistema-septico-de-2000-litros-completo

Sheet LISTA DE INSUMOS
A2: LISTA DE INSUMOS | F2: 1.91 | G2: 7.71
A4: CÓDIGO | B4: DESCRIPCIÓN | C4: UNIDAD | D4: CANTIDAD | E4: VALOR UNITARIO 2025 | F4: VALOR UNITARIO 2025
A5: MOB002 | B5: Oficial (jornal + prestaciones) | C5: Día | D5: 1 | E5: ='ANÁLISIS MANO DE OBRA'!E32 -> 163723
A6: MOB003 | B6: Operario maquinaria equipo (jornal + prestaciones) | C6: Dia | D6: 1 | E6: ='ANÁLISIS MANO DE OBRA'!E57 -> 147351
A7: MOB004 | B7: Ayudante (jornal + prestaciones) | C7: Dia | D7: 1 | E7: ='ANÁLISIS MANO DE OBRA'!E30 -> 81861
A8: MOB005 | B8: Ayudante práctico (jornal + prestaciones) | C8: Dia | D8: 1 | E8: ='ANÁLISIS MANO DE OBRA'!E31 -> 114606
A9: MOB006 | B9: Cuadrilla A 1 Of + 4 Ay (jornal + prestaciones) | C9: Día | D9: 1 | E9: ='ANÁLISIS MANO DE OBRA'!E34 -> 491167
A10: MOB007 | B10: Cuadrilla B 1 Min + 2 Ay (jornal + prestaciones) | C10: Día | D10: 1 | E10: ='ANÁLISIS MANO DE OBRA'!E35 -> 412454
A11: MOB008 | B11: Oficial eléctrico (jornal + prestaciones) | C11: Día | D11: 1 | E11: ='ANÁLISIS MANO DE OBRA'!E49 -> 163723
A12: MOB009 | B12: Cuadrilla S (1Sold.+1Ay práctico) (jornal + prestaciones) | C12: Día | D12: 1 | E12: ='ANÁLISIS MANO DE OBRA'!E44 -> 261957
A13: MOB010 | B13: Comisión topografía (topógrafo + Cadenero 1 + 2 Cadeneros 2) Inc escolta | C13: Día | D13: 1 | E13: ='ANÁLISIS MANO DE OBRA'!E47 -> 623679
A14: MOB011 | B14: Acarreo Horizontal (% mano obra) | C14: % MO | E14: 5227
A15: MOB012 | B15: Profesional en salud ocupacional | C15: Día | D15: 1 | E15: ='ANÁLISIS MANO DE OBRA'!E69 -> 205231
A16: MOB013 | B16: Cuadrilla C 1 Of + 7 Ay (jornal + prestaciones) | C16: Día | D16: 1 | E16: ='ANÁLISIS MANO DE OBRA'!E36 -> 736750
A17: MOB014 | B17: Cuadrilla D 2 Of + 4 Ay (jornal + prestaciones) | C17: Día | D17: 1 | E17: ='ANÁLISIS MANO DE OBRA'!E37 -> 654890
A18: MOB015 | B18: Cuadrilla E 1 Of + 1 Ay (jornal + prestaciones) | C18: Día | D18: 1 | E18: ='ANÁLISIS MANO DE OBRA'!E38 -> 245584
A19: MOB016 | B19: Cuadrilla F 6 Of + 4 Ay (jornal + prestaciones) | C19: Día | D19: 1 | E19: ='ANÁLISIS MANO DE OBRA'!E39 -> 1309782
A20: MOB017 | B20: Cuadrilla G 1 Of + 2 Ay (jornal + prestaciones) | C20: Día | D20: 1 | E20: ='ANÁLISIS MANO DE OBRA'!E40 -> 327445
A21: MOB018 | B21: Cuadrilla H 4 Ay (jornal + prestaciones) | C21: Día | D21: 1 | E21: ='ANÁLISIS MANO DE OBRA'!E41 -> 327444
A22: MOB019 | B22: Ayudante eléctrico (jornal + prestaciones) | C22: Día | D22: 1 | E22: ='ANÁLISIS MANO DE OBRA'!E51 -> 130978
A23: MOB020 | B23: Cuadrilla J (1 Of eléctrico+1Ay eléctrico) (jornal + prestaciones) | C23: Día | D23: 1 | E23: ='ANÁLISIS MANO DE OBRA'!E42 -> 294701
A24: MOB021 | B24: Cuadrilla K (1Of eléctrico+2Ay eléctricos) (jornal + prestaciones) | C24: Día | D24: 1 | E24: ='ANÁLISIS MANO DE OBRA'!E43 -> 425679
A25: MOB022 | B25: Cuadrilla L 2 Of + 8 Ay (jornal + prestaciones) | C25: Día | D25: 1 | E25: ='ANÁLISIS MANO DE OBRA'!E45 -> 982334
A26: MOB023 | B26: Cuadrilla L 1 Ebanista + 2 Ay (jornal + prestaciones) | C26: Día | D26: 1 | E26: ='ANÁLISIS MANO DE OBRA'!E46 -> 383612
A27: MOB024 | B27: Cuadrilla Estructura Metalica de Soporte (jornal + prestaciones) | C27: Día | D27: 1 | E27: ='ANÁLISIS MANO DE OBRA'!E43 -> 425679
A28: MOB024 | B28: Mulero | C28: Día | D28: 1 | E28: ='ANÁLISIS MANO DE OBRA'!E30 -> 81861
A29: MOB025 | B29: asistencia tècnica manejo zonas verdes | C29: Día | D29: 1 | E29: ='ANÁLISIS MANO DE OBRA'!E67 -> 183242
A30: MAT001 | B30: Cemento gris saco por 50 kilos, incluye cargue, descargue y transporte | C30: Sc | D30: 1 | E30: =34500 -> 34500
A31: MAT002 | B31: Cemento blanco | C31: Kg | D31: 1 | E31: 2900
A32: MAT003 | B32: Arena | C32: M3 | D32: 1 | E32: =102688.7125*(1+9.59/100) -> 112536.56
A33: MAT004 | B33: Gravilla de río y/o triturado | C33: M3 | D33: 1 | E33: =102688.7125*(1+9.59/100) -> 112536.56
A34: MAT005 | B34: Piedra media zonga | C34: M3 | D34: 1 | E34: =110000*(1+9.59/100) -> 120549
A35: MAT006 | B35: Material de peña (recebo) en cantera | C35: M3 | D35: 1 | E35: =50740.305*(1+9.59/100) -> 55606.3
A36: MAT007 | B36: Tierra vegetal | C36: M3 | D36: 1 | E36: =45133*(1+9.59/100) -> 49461.255
A37: MAT008 | B37: Manija (asa) para puerta | C37: Un | D37: 1 | E37: 15900
A38: MAT009 | B38: Material seleccionado para filtro | C38: M3 | D38: 1 | E38: =102688.7125*(1+9.59/100) -> 112536.56
A39: MAT010 | B39: Material granular seleccionado Tipo BG A | C39: M3 | D39: 1 | E39: =99703.3*(1+9.59/100) -> 109264.85
A40: MAT011 | B40: Carburo | C40: Kg | D40: 1 | E40: =1377.8381925*(1+9.59/100) -> 1509.9729
A41: MAT012 | B41: Gravilla #2 | C41: Sc | D41: 1 | E41: =26603.1864*(1+9.59/100) -> 29154.432
A42: MAT013 | B42: Agua | C42: Lt | D42: 1 | E42: =88.355497806576*(1+9.59/100) -> 96.82879
A43: MAT014 | B43: Suministro de TAPA y CUELLO MH 70 MACIZA en polipropileno 100% recuperado COLOR VERDES | C43: Un | D43: 1 | E43: =776471.827094964*1.0959 -> 850935.48
A44: MAT015 | B44: Acero de Fy = 37.000 psi d=1/4 puesto en obra | C44: Kg | D44: 1 | E44: =4660*1.0191 -> 4749.006
A45: MAT016 | B45: Acero de Fy = 60.000 psi d>1/4 puesto en obra | C45: Kg | D45: 1 | E45: =4519*1.0191 -> 4605.3129
A46: MAT017 | B46: Tabla para formaleta de 1" x 10" x 2,9 m | C46: M | D46: 1 | E46: =7960*1.0191 -> 8112.036
A47: MAT017-1 | B47: Lata de Guadua Inmunizada L: 3,5 m | C47: M | D47: 1 | E47: =2672.17346704*1.0191 -> 2723.212
A48: MAT017-2 | B48: Guadua inmunizada longitud promedio = 6 m | C48: Un | D48: 1 | E48: =33936*1.0191 -> 34584.178
A49: MAT018 | B49: Cuartón de sajo 2" x 4" x 2,9 m | C49: M | D49: 1 | E49: =11720.9406776*1.0191 -> 11944.811
A50: MAT019 | B50: Listón sajo de 5 x 3 cm x 2,5 m (varilla) | C50: M | D50: 1 | E50: =7149*1.0191 -> 7285.5459
A51: MAT020 | B51: Guadua basa longitud promedio = 5 m | C51: Un | D51: 1 | E51: =8500*1.0191 -> 8662.35
A52: MAT021 | B52: Puntilla (promedio) | C52: Lb | D52: 1 | E52: =6565.3*1.0191 -> 6690.6972
A53: MAT022 | B53: Alambre negro calibre 17 | C53: Kg | D53: 1 | E53: =7800*1.0191 -> 7948.98
A54: MAT023 | B54: Ladrillo tolete común | C54: Un | D54: 1 | E54: =800*1.0191 -> 815.28 | F54: =800*1.0191 -> 815.28
A55: MAT024 | B55: Tubería de HG de 2" de 1,5 mm | C55: M | D55: 1 | E55: =+F55*(1+($F$2/100)) -> 24104.905 | F55: 23653.13
A56: MAT025 | B56: Cinta PVC Sika Waterbar O-22 | C56: M | D56: 1 | E56: =+F56*(1+($F$2/100)) -> 81385.326 | F56: 79860
A57: MAT025-1 | B57: Sikaflex Construcción Plus I-Cure Blanco X300ml | C57: UN | D57: 1 | E57: =+F57*(1+($F$2/100)) -> 57360.655 | F57: 56285.6
A58: MAT026 | B58: Dinamita indugel plus | C58: Kg | D58: 1 | E58: =+F58*(1+($F$2/100)) -> 17276.183 | F58: 16952.393
A59: MAT027 | B59: Fulminante | C59: Un | D59: 1 | E59: =+F59*(1+($F$2/100)) -> 376.11789 | F59: 369.06868
A60: MAT028 | B60: Cordón detonante de 12 gm | C60: M | D60: 1 | E60: =+F60*(1+($F$2/100)) -> 2442.5521 | F60: 2396.7738
A61: MAT029 | B61: Unión a bajante Canal Amazonas PVC | C61: Un | D61: 1 | E61: =+F61*(1+($F$2/100)) -> 27234.428 | F61: 26724
A62: MAT030 | B62: Poste de madera 8*8" h = 2 m. revoltura media | C62: Un | D62: 1 | E62: =+F62*(1+($F$2/100)) -> 24981.304 | F62: 24513.104
A63: MAT031 | B63: Concreto premezclado 20,7 Mpa (3000 psi) acelerado 7 días | C63: M3 | D63: 1 | E63: =+F63*(1+($F$2/100)) -> 541142.1 | F63: 531000
A64: MAT032 | B64: Plántulas altura > 1.00 m para recuperación paisajistica y/o urbana | C64: Un | D64: 1 | E64: =+F64*(1+($F$2/100)) -> 19556.084 | F64: 19189.564
A65: MAT033 | B65: Alambre de púas C 12,5 | C65: M | D65: 1 | E65: =+F65*(1+($F$2/100)) -> 981.3933 | F65: 963
A66: MAT033-1 | B66: Alambre de púas C 14 | C66: M | D66: 1 | E66: =+F66*(1+($F$2/100)) -> 697.0644 | F66: 684
... A120: MAT078 | B120: Vidrio de 4 mm templado | C120: M2 | D120: 1 | E120: =+F120*(1+($F$2/100)) -> 68842.243 | F120: 67552
A121: MAT079 | B121: Accesorio unión Manguera de polietileno de alta densidad PN 10 ø: 32 mm | C121: Un | D121: 1 | E121: =+F121*(1+($F$2/100)) -> 0 | F121: 0
A122: MAT080 | B122: Tubería PVC presión de 1/2" rde 9 | C122: M | D122: 1 | E122: =+F122*(1+($F$2/100)) -> 5104.9899 | F122: 5009.312
A123: MAT081 | B123: Tubería de concreto vibrada de 16" unión caucho C 2 | C123: M | D123: 1 | E123: =+F123*(1+($F$2/100)) -> 176575.38 | F123: 173266
A124: MAT082 | B124: Tubería PVC presión de 1" rde 21 | C124: M | D124: 1 | E124: =+F124*(1+($F$2/100)) -> 6822.4313 | F124: 6694.5651
A125: MAT083 | B125: Tubería PVC presión de 2" rde 21 | C125: M | D125: 1 | E125: =+F125*(1+($F$2/100)) -> 24874.206 | F125: 24408.013
A126: MAT084 | B126: Accesorio unión Manguera de polietileno de alta densidad PN 10 ø: 63 mm | C126: Un | D126: 1 | E126: =+F126*(1+($F$2/100)) -> 31548.37 | F126: 30957.089
A127: MAT085 | B127: Accesorios PVC presión | C127: %Tub | E127: =+F127*(1+($F$2/100)) -> 0 | F127: 0
A128: MAT085-1 | B128: Bacteria trampa grasas o septico | C128: un | D128: 1 | E128: =+F128*(1+($F$2/100)) -> 40662.09 | F128: 39900
A129: MAT087 | B129: Llave terminal cromada de 1/2" | C129: Un | D129: 1 | E129: =+F129*(1+($F$2/100)) -> 83464.29 | F129: 81900
A130: MAT088 | B130: Interruptor conmutable sencillo | C130: Un | D130: 1 | E130: =+F130*(1+($F$2/100)) -> 49833.99 | F130: 48900
A131: MAT090 | B131: Lavadero en fibra de vidrio con tanque de 60 x 60 cm | C131: Un | D131: 1 | E131: =+F131*(1+($F$2/100)) -> 277195.2 | F131: 272000
A132: MAT091 | B132: Varillón de sajo | C132: M | D132: 1 | E132: =+F132*(1+($F$2/100)) -> 2979.6451 | F132: 2923.8005
A133: MAT093 | B133: Cerámica color 1ra. de 25 x 25 cm tipo Macedonia | C133: M2 | D133: 1 | E133: =+F133*(1+($F$2/100)) -> 42649.335 | F133: 41850
A134: MAT094 | B134: Incrustaciones tipo astro (6 un) | C134: Un | D134: 1 | E134: =+F134*(1+($F$2/100)) -> 118981.46 | F134: 116751.51
A135: MAT095 | B135: Tubería de concreto vibrada reforzada de 40" unión caucho C 2 | C135: M | D135: 1 | E135: =+F135*(1+($F$2/100)) -> 651630.92 | F135: 639418.03
A136: MAT096 | B136: Incrustaciones tipo allegro (5 un) | C136: Un | D136: 1 | E136: =+F136*(1+($F$2/100)) -> 80207.328 | F136: 78704.08
A137: MAT097 | B137: Lavamanos Providence de Sobreponer 18cm Alto x 42cm Ancho x 47cm Largo Blanco | C137: Un | D137: 1 | E137: =+F137*(1+($F$2/100)) -> 183109.52 | F137: 179677.68
A138: MAT098 | B138: Lavamanos tipo Acuacer de colgar blanco | C138: Un | D138: 1 | E138: =+F138*(1+($F$2/100)) -> 86637.36 | F138: 85013.6
A139: MAT099 | B139: Niple de HG de 1/2" de 38 cm | C139: Un | D139: 1 | E139: =+F139*(1+($F$2/100)) -> 19413.855 | F139: 19050
... A374: MAT368 | B374: Tubería PVC acueducto unión platino de 2" rde 21 | C374: M | D374: 1 | E374: =+F374*(1+($F$2/100)) -> 15508.196 | F374: 15217.541
A375: MAT369 | B375: Accesorios PVC agua lluvia (% tubería) | C375: %Tub | E375: =+F375*(1+($F$2/100)) -> 0 | F375: 0
A376: MAT370 | B376: Impermeabilizante para concreto | C376: Kg | D376: 1 | E376: =+F376*(1+($F$2/100)) -> 24109.941 | F376: 23658.072
A377: MAT371 | B377: Alambre telefónico 2 pares | C377: M | D377: 1 | E377: =+F377*(1+($F$2/100)) -> 1750.3056 | F377: 1717.5014
A378: MAT372 | B378: MALLA VENA 0.60x2mt Cal. 34 | C378: M2 | D378: 1 | E378: =+F378*(1+($F$2/100)) -> 7377.6779 | F378: 7239.4052
A379: MAT373 | B379: Nave metálica en lamina C 20 de 1,20 x 2,05 m (2 naves), incluye anticorrosivo | C379: Un | D379: 1 | E379: =+F379*(1+($F$2/100)) -> 456417.6 | F379: 447863.41
A380: MAT374 | B380: Pintura vinilo para exteriores koraza o similar | C380: Gl | D380: 1 | E380: =+F380*(1+($F$2/100)) -> 135705.55 | F380: 133162.15
A381: MAT375 | B381: Orinal Arrecife Para Fluxómetro Blanco | C381: Un | D381: 1 | E381: =+F381*(1+($F$2/100)) -> 400712.31 | F381: 393202.15
A382: MAT376 | B382: Llave de paso tipo Red White de 1 1/2" | C382: Un | D382: 1 | E382: =+F382*(1+($F$2/100)) -> 339970.55 | F382: 333598.82
A383: MAT377 | B383: Loceta tableta romana | C383: M2 | D383: 1 | E383: =+F383*(1+($F$2/100)) -> 20314.425 | F383: 19933.691
A384: MAT378 | B384: Tee de HG 2" | C384: Un | D384: 1 | E384: =+F384*(1+($F$2/100)) -> 17095.504 | F384: 16775.099
A385: MAT378-1 | B385: Accesorios Instalaciòn Hidrante | C385: Un | D385: 1 | E385: =+F385*(1+($F$2/100)) -> 169365.82 | F385: 166191.56
A386: MAT379 | B386: Codo de HG 2" x 90º | C386: Un | D386: 1 | E386: =+F386*(1+($F$2/100)) -> 12734.334 | F386: 12495.667
A387: MAT380 | B387: Medidor de 1" volumétrico tipo "B" | C387: Un | D387: 1 | E387: =+F387*(1+($F$2/100)) -> 420828.91 | F387: 412941.72
... A450: MAT467 | B450: Juegos infantiles de madera en pino completo | C450: Un | D450: 1 | E450: =+F450*(1+($F$2/100)) -> 5829887 | F450: 5720623.1
A451: MAT468 | B451: Juegos infantiles metálicos incluyen instalación wash primer y pintura: Columpio de 3 puestos | C451: Un | D451: 1 | E451: =+F451*(1+($F$2/100)) -> 0 | F451: 0
...

Sheet ANÁLISIS MANO DE OBRA
A2: ANALISIS DE MANO DE OBRA CORPORACIÓN AUTÓNOMA REGIONAL DE RISARALDA - CARDER - | N2: ANALISIS DE MANO DE OBRA CORPORACIÓN AUTÓNOMA REGIONAL DE RISARALDA - CARDER -
A4: ANÁLISIS MANO DE OBRA | N4: ANÁLISIS MANO DE OBRA
A5: Salario Mínimo Mensual Legal Vigente año 2025 | B5: 1423500 | C5: 1 | N5: Salario Mínimo Mensual Legal Vigente año 2017 | O5: 781242
A6: Subsidio de Transporte (salario ≤ 2 SMMLV) | B6: 200000 | N6: Subsidio de Transporte (salario ≤ 2 SMMLV) | O6: 88211
A8: DESCRIPCIÓN | B8: SALARIO ≤ 2 SMMLV | C8: SALARIO > 2 SMMLV | N8: DESCRIPCIÓN | O8: SALARIO ≤ 2 SMMLV | Q8: SALARIO > 2 SMMLV
B9: PERSONAL TÉCNICO, OPERATIVO Riesgo Clase V | C9: PERSONAL PROFESIONAL Riesgo Clase V | O9: PERSONAL TÉCNICO, OPERATIVO Riesgo Clase V | Q9: PERSONAL TÉCNICO, OPERATIVO Riesgo Clase V
A10: PRESTACIONES SOCIALES | N10: PRESTACIONES SOCIALES | O10: SM | P10: AT | Q10: SM | R10: AT
A11: Cesantías | B11: =1/12 -> 0.083333333 | C11: =1/12 -> 0.083333333 | N11: Salario minimo (S.M) | O11: 1 | P11: 1 | Q11: 1
A12: Intereses cesantías | B12: 0.01 | C12: 0.01 | N12: Cesantías | O12: 0.0833 | P12: =+O12 -> 0.0833 | Q12: 0.0833
A13: Vacaciones | B13: 0.0417 | C13: 0.0417 | N13: Intereses cesantías | O13: 0.01 | P13: =+O13 -> 0.01 | Q13: 0.01
A14: Prima | B14: =1/12 -> 0.083333333 | C14: =1/12 -> 0.083333333 | N14: Vacaciones | O14: 0.0417 | Q14: 0.0417
A15: Dotación y elementos de seguridad | B15: 0.04 | C15: 0 | N15: Prima | O15: 0.0833 | P15: =+O15 -> 0.0833 | Q15: 0.0833
A16: SEGURIDAD SOCIAL | N16: Dotación y elementos de seguridad | O16: 0.04 | Q16: 0
A17: Aportes régimen general de pensiones (I.V.M) | B17: 0.12 | C17: 0.12 | N17: SEGURIDAD SOCIAL
A18: Aporte riesgos profesionales A.R.L. | B18: 0.0696 | C18: 0.0696 | N18: Aportes régimen general de pensiones (I.V.M) | O18: 0.12 | Q18: 0.12
A19: Aportes régimen contributivo de salud | B19: 0.085 | C19: 0.085 | N19: Aporte riesgos profesionales A.R.L. | O19: 0.0696 | Q19: 0.0696
A20: Certificado trabajo seguro en alturas | B20: 0 | C20: 0 | N20: Aportes régimen contributivo de salud | O20: 0.085 | Q20: 0.085
A21: OTROS APORTES | N21: Certificado trabajo seguro en alturas | O21: 0 | Q21: 0
A22: Aportes FIC (S.M/40) | B22: 0.00025 | C22: 0.00025 | N22: OTROS APORTES
A23: I.C.B.F. | B23: 0 | C23: 0 | N23: Aportes FIC (S.M/40) | O23: 0.00025 | Q23: 0.00025
A24: Comfamiliar | B24: 0.04 | C24: 0.04 | N24: I.C.B.F. | O24: 0 | Q24: 0
A25: Subsidio de transporte | B25: =B6/B5 -> 0.14049877 | N25: Comfamiliar | O25: 0.04 | Q25: 0.04
A26: Examenes medicos de ingreso y egreso | B26: 0.0115 | C26: 0.0115 | N26: Subsidio de transporte | O26: 0
B27: =SUM(B10:B26) -> 0.72521544 | C27: =SUM(C10:C26) -> 0.54471667 | N27: Examenes medicos de ingreso y egreso | O27: 0.0115 | Q27: 0.0115
O28: =SUM(O10:O27) -> 1.58465 | P28: =+SUM(P11:P27) -> 1.1766 | Q28: =SUM(Q10:Q27) -> 1.54465
A29: NOMBRE | B29: SALARIO MENSUAL | C29: PRESTACIONES Y APORTES | D29: SALARIO + PRESTACIONES | E29: SALARIO DIA
A30: Ayudante | B30: =B5 -> 1423500 | C30: =ROUND((B30*$B$27),0) -> 1032344 | D30: =B30+C30 -> 2455844 | E30: =ROUND((D30/30),0) -> 81861 | N30: VALOR SALARIO + PRESTACIONES | O30: 158,47%*S.M+117,66% A.T | Q30: 157,32%*S.M+0A.T
A31: Ayudante práctico | B31: =B30*1.4 -> 1992900 | C31: =ROUND((B31*$B$27),0) -> 1445282 | D31: =B31+C31 -> 3438182 | E31: =ROUND((D31/30),0) -> 114606 | N31: VALOR SALARIO + PRESTACIONES | O31: =+O28*O5+P28*O6 -> 1341784.2 | Q31: =Q28*O5 -> 1206745.5
A32: Oficial | B32: =B30*2 -> 2847000 | C32: =ROUND((B32*$B$27),0) -> 2064688 | D32: =B32+C32 -> 4911688 | E32: =ROUND((D32/30),0) -> 163723
A33: Minero | B33: =B30*2.5 -> 3558750 | C33: =ROUND((B33*$C$27),0) -> 1938510 | D33: =B33+C33 -> 5497260 | E33: =ROUND((D33/30),0) -> 183242 | O33: =+O31/O5 -> 1.7175014 | Q33: =+Q31/O5 -> 1.54465
A34: Cuadrilla A 1 Of + 4 Ay (jornal + prestaciones) | E34: =E32+(4*E30) -> 491167 | O34: 0.7175 | Q34: 0.5447
A35: Cuadrilla B 1 Min + 2 Ay (jornal + prestaciones) | E35: =E33+(2*E31) -> 412454
A36: Cuadrilla C 1 Of + 7 Ay (jornal + prestaciones) | E36: =E32+(7*E30) -> 736750
A37: Cuadrilla D 2 Of + 4 Ay (jornal + prestaciones) | E37: =(2*E32)+(4*E30) -> 654890
A38: Cuadrilla E 1 Of + 1 Ay (jornal + prestaciones) | E38: =E32+E30 -> 245584
A39: Cuadrilla F 6 Of + 4 Ay (jornal + prestaciones) | E39: =(6*E32)+(4*E30) -> 1309782
A40: Cuadrilla G 1 Of + 2 Ay (jornal + prestaciones) | E40: =E32+(2*E30) -> 327445
A41: Cuadrilla H 4 Ay (jornal + prestaciones) | E41: =4*E30 -> 327444
A42: Cuadrilla J (1 Of eléctrico+1Ay eléctrico) (jornal + prestaciones) | E42: =E49+E51 -> 294701
A43: Cuadrilla K (1Of eléctrico+2Ay eléctricos) (jornal + prestaciones) | E43: =E49+(2*E51) -> 425679
A44: Cuadrilla S (1Sold.+1Ay práctico) (jornal + prestaciones) | E44: =E58+E31 -> 261957
A45: Cuadrilla L 2 Of + 8 Ay (jornal + prestaciones) | E45: =E32*2+E30*8 -> 982334
A46: Cuadrilla L 1 Ebanista + 2 Ay (jornal + prestaciones) | E46: =E52+2*E30 -> 383612
A47: Comisión topografía (topógrafo + Cadenero 1 + 2 Cadeneros 2) inc escolta | E47: =E62+E53+(2*E54)+E70 -> 623679
A48: Maestro de obra | B48: =$B$5*2.6 -> 3701100 | C48: =ROUND((B48*$C$27),0) -> 2016051 | D48: =B48+C48 -> 5717151 | E48: =ROUND((D48/30),0) -> 190572
A49: Oficial eléctrico | B49: =$B$5*2 -> 2847000 | C49: =ROUND((B49*$B$27),0) -> 2064688 | D49: =B49+C49 -> 4911688 | E49: =ROUND((D49/30),0) -> 163723
A50: Oficial pintor | B50: =$B$5*1.6 -> 2277600 | C50: =ROUND((B50*$B$27),0) -> 1651751 | D50: =B50+C50 -> 3929351 | E50: =ROUND((D50/30),0) -> 130978
A51: Ayudante eléctrico | B51: =$B$5*1.6 -> 2277600 | C51: =ROUND((B51*$B$27),0) -> 1651751 | D51: =B51+C51 -> 3929351 | E51: =ROUND((D51/30),0) -> 130978
A52: Ebanista | B52: =$B$5*3 -> 4270500 | C52: =ROUND((B52*$C$27),0) -> 2326213 | D52: =B52+C52 -> 6596713 | E52: =ROUND((D52/30),0) -> 219890
A53: Cadenero 1 | B53: =$B$5*1.5 -> 2135250 | C53: =ROUND((B53*$B$27),0) -> 1548516 | D53: =B53+C53 -> 3683766 | E53: =ROUND((D53/30),0) -> 122792
A54: Cadenero 2 | B54: =$B$5 -> 1423500 | C54: =ROUND((B54*$B$27),0) -> 1032344 | D54: =B54+C54 -> 2455844 | E54: =ROUND((D54/30),0) -> 81861
A55: Liniero cat 1 | B55: =$B$5*2.8 -> 3985800 | C55: =ROUND((B55*$C$27),0) -> 2171132 | D55: =B55+C55 -> 6156932 | E55: =ROUND((D55/30),0) -> 205231
A56: Liniero cat 2 | B56: =$B$5*1.8 -> 2562300 | C56: =ROUND((B56*$B$27),0) -> 1858220 | D56: =B56+C56 -> 4420520 | E56: =ROUND((D56/30),0) -> 147351
A57: Operador de maquinaria | B57: =$B$5*1.8 -> 2562300 | C57: =ROUND((B57*$B$27),0) -> 1858220 | D57: =B57+C57 -> 4420520 | E57: =ROUND((D57/30),0) -> 147351
A58: Soldador | B58: =$B$5*1.8 -> 2562300 | C58: =ROUND((B58*$B$27),0) -> 1858220 | D58: =B58+C58 -> 4420520 | E58: =ROUND((D58/30),0) -> 147351
A59: Mulero | B59: =$B$5 -> 1423500 | C59: =ROUND((B59*$B$27),0) -> 1032344 | D59: =B59+C59 -> 2455844 | E59: =ROUND((D59/30),0) -> 81861
A60: Cargue y Descargue Decomisos Madera | B60: =$B$5 -> 1423500 | C60: =ROUND((B60*$B$27),0) -> 1032344 | D60: =B60+C60 -> 2455844 | E60: =ROUND((D60/30),0) -> 81861
A61: Transporte a hombro ( Cg /km) | B61: =$B$5 -> 1423500 | C61: =ROUND((B61*$B$27),0) -> 1032344 | D61: =B61+C61 -> 2455844 | E61: =ROUND((D61/30),0) -> 81861
A62: Topógrafo | B62: =$B$5*2.8 -> 3985800 | C62: =ROUND((B62*$C$27),0) -> 2171132 | D62: =B62+C62 -> 6156932 | E62: =ROUND((D62/30),0) -> 205231 | F62: =47339.93*30 -> 1420197.9
A63: Residente de obra | B63: =$B$5*3.9 -> 5551650 | C63: =ROUND((B63*$C$27),0) -> 3024076 | D63: =B63+C63 -> 8575726 | E63: =ROUND((D63/30),0) -> 285858
A64: Profesional Ambiental | B64: =$B$5*2.8 -> 3985800 | C64: =ROUND((B64*$C$27),0) -> 2171132 | D64: =B64+C64 -> 6156932 | E64: =ROUND((D64/30),0) -> 205231
A65: Profesional Trabajo Social | B65: =$B$5*2.8 -> 3985800 | C65: =ROUND((B65*$C$27),0) -> 2171132 | D65: =B65+C65 -> 6156932 | E65: =ROUND((D65/30),0) -> 205231
A66: Director | B66: =$B$5*6 -> 8541000 | C66: =ROUND((B66*$C$27),0) -> 4652425 | D66: =B66+C66 -> 13193425 | E66: =ROUND((D66/30),0) -> 439781
A67: Tecnólogo Forestal o Agroforestal | B67: =+B5*2.5 -> 3558750 | C67: =ROUND((B67*$C$27),0) -> 1938510 | D67: =B67+C67 -> 5497260 | E67: =ROUND((D67/30),0) -> 183242
A68: Ingeniero Forestal | B68: =+B5*3.9 -> 5551650 | C68: =ROUND((B68*$C$27),0) -> 3024076 | D68: =B68+C68 -> 8575726 | E68: =ROUND((D68/30),0) -> 285858
A69: Profesional en salud ocupacional | B69: =$B$5*2.8 -> 3985800 | C69: =ROUND((B69*$C$27),0) -> 2171132 | D69: =B69+C69 -> 6156932 | E69: =ROUND((D69/30),0) -> 205231
A70: Vigilante | B70: =$B$5*1.8 -> 2562300 | C70: =ROUND((B70*$C$27),0) -> 1395728 | D70: =B70+C70 -> 3958028 | E70: =ROUND((D70/30),0) -> 131934
A71: Tecnico Administrativo | B71: 3806786 | C71: =ROUND((B71*$C$27),0) -> 2073620 | D71: =B71+C71 -> 5880406 | E71: =ROUND((D71/30),0) -> 196014
A72: Auxiliar Administrativo | B72: 2685993 | C72: =ROUND((B72*$C$27),0) -> 1463105 | D72: =B72+C72 -> 4149098 | E72: =ROUND((D72/30),0) -> 138303
H73: 1423500
A74: AÑO 2025
A75: Salario Mínimo 2025 : $ 1423500
A76: Subsidio de Transporte: Tienen derecho hasta dos salarios mínimos o sea $2847000 y el valor es de $ 200000

Sheet ANALISIS UNITARIOS
J1: 1 | K1: 2 | L1: 5 | M1: 6 | N1: 7 | O1: 8 | P1: 9 | Q1: 10 | R1: 12 | S1: 13 | T1: 14 | U1: 15 | V1: 16 | W1: 17 | X1: 18 | Y1: 19 | Z1: 20 | AA1: 21 | AB1: 22 | AC1: 23 | AD1: 24 | AE1: 25 | AF1: 26 | AG1: 27 | AH1: 28 | AI1: 29 | AJ1: 30 | AK1: 31 | AL1: 32 | AM1: 34 | AN1: 35
B3: ANALISIS DE PRECIOS UNITARIOS DE REFERENCIA 2025
B5: ITEM | C5: CÓDIGO | D5: DESCRIPCIÓN | E5: UNIDAD | F5: CANTIDAD | G5: VALOR UNITARIO | H5: RENDIMIENTO, USOS, DESPEDICIOS | I5: VALOR PARCIAL
B6: ITE001 | D6: Descapote y limpieza | E6: M2 | G6: =ROUND(SUM(I6:I9),0) -> 6549
B7: M . O | C7: =+'LISTA DE INSUMOS'!A7 -> MOB004 | D7: =+'LISTA DE INSUMOS'!B7 -> Ayudante (jornal + prestaciones) | E7: =+'LISTA DE INSUMOS'!C7 -> Dia | F7: 1 | G7: =+'LISTA DE INSUMOS'!E7 -> 81861 | H7: =1/15 -> 0.066666667 | I7: =ROUND((F7*G7*H7),0) -> 5457
C8: =+'LISTA DE INSUMOS'!A14 -> MOB011 | D8: =+'LISTA DE INSUMOS'!B14 -> Acarreo Horizontal (% mano obra) | E8: =+'LISTA DE INSUMOS'!C14 -> % MO | F8: 0.1 | G8: =I7 -> 5457 | H8: 0 | I8: =ROUND((F8*G8),0) -> 546
B9: EQUIPO | C9: =+'LISTA DE INSUMOS'!A758 -> EQU002 | D9: =+'LISTA DE INSUMOS'!B758 -> Herramienta menor (% mano obra) | E9: =+'LISTA DE INSUMOS'!C758 -> %MO | F9: 0.1 | G9: =I7 -> 5457 | H9: 0 | I9: =ROUND((F9*G9),0) -> 546
B10: ITE002 | D10: Roceria y limpieza | E10: M2 | G10: =ROUND(SUM(I10:I13),0) -> 1636
B11: M . O | C11: =+'LISTA DE INSUMOS'!A7 -> MOB004 | D11: =+'LISTA DE INSUMOS'!B7 -> Ayudante (jornal + prestaciones) | E11: =+'LISTA DE INSUMOS'!C7 -> Dia | F11: 1 | G11: =+'LISTA DE INSUMOS'!E7 -> 81861 | H11: =1/60 -> 0.016666667 | I11: =ROUND((F11*G11*H11),0) -> 1364
C12: =+'LISTA DE INSUMOS'!A14 -> MOB011 | D12: =+'LISTA DE INSUMOS'!B14 -> Acarreo Horizontal (% mano obra) | E12: =+'LISTA DE INSUMOS'!C14 -> % MO | F12: 0.1 | G12: =+I11 -> 1364 | H12: 0 | I12: =ROUND((F12*G12),0) -> 136
B13: EQUIPO | C13: =+'LISTA DE INSUMOS'!A758 -> EQU002 | D13: =+'LISTA DE INSUMOS'!B758 -> Herramienta menor (% mano obra) | E13: %MO | F13: 0.1 | G13: =+I11 -> 1364 | H13: 0 | I13: =ROUND((F13*G13),0) -> 136
B14: ITE003 | D14: Nivelación terreno con material del sitio | E14: M2 | G14: =ROUND(SUM(I14:I17),0) -> 5894
B15: M . O | C15: =+'LISTA DE INSUMOS'!A9 -> MOB006 | D15: =+'LISTA DE INSUMOS'!B9 -> Cuadrilla A 1 Of + 4 Ay (jornal + prestaciones) | E15: =+'LISTA DE INSUMOS'!C9 -> Día | F15: 1 | G15: ='LISTA DE INSUMOS'!E9 -> 491167 | H15: 0.01 | I15: =ROUND((F15*G15*H15),0) -> 4912
C16: =+'LISTA DE INSUMOS'!A14 -> MOB011 | D16: =+'LISTA DE INSUMOS'!B14 -> Acarreo Horizontal (% mano obra) | E16: =+'LISTA DE INSUMOS'!C14 -> % MO | F16: 0.1 | G16: =I15 -> 4912 | H16: 0 | I16: =ROUND((F16*G16),0) -> 491
B17: EQUIPO | C17: =+'LISTA DE INSUMOS'!A758 -> EQU002 | D17: =+'LISTA DE INSUMOS'!B758 -> Herramienta menor (% mano obra) | E17: =+'LISTA DE INSUMOS'!C758 -> %MO | F17: 0.1 | G17: =I15 -> 4912 | H17: 0 | I17: =ROUND((F17*G17),0) -> 491
B18: ITE004 | D18: Limpieza y nivelación | E18: M2 | G18: =ROUND(SUM(I18:I21),0) -> 7368
B19: M . O | C19: =+'LISTA DE INSUMOS'!A9 -> MOB006 | D19: =+'LISTA DE INSUMOS'!B9 -> Cuadrilla A 1 Of + 4 Ay (jornal + prestaciones) | E19: =+'LISTA DE INSUMOS'!C9 -> Día | F19: 1 | G19: ='LISTA DE INSUMOS'!E9 -> 491167 | H19: =1/80 -> 0.0125 | I19: =ROUND((F19*G19*H19),0) -> 6140
C20: =+'LISTA DE INSUMOS'!A14 -> MOB011 | D20: =+'LISTA DE INSUMOS'!B14 -> Acarreo Horizontal (% mano obra) | E20: =+'LISTA DE INSUMOS'!C14 -> % MO | F20: 0.1 | G20: =I19 -> 6140 | H20: 0 | I20: =ROUND((F20*G20),0) -> 614
B21: EQUIPO | C21: =+'LISTA DE INSUMOS'!A758 -> EQU002 | D21: =+'LISTA DE INSUMOS'!B758 -> Herramienta menor (% mano obra) | E21: =+'LISTA DE INSUMOS'!C758 -> %MO | F21: 0.1 | G21: =I19 -> 6140 | H21: 0 | I21: =ROUND((F21*G21),0) -> 614
B22: ITE005 | D22: Localización y replanteo | E22: M2 | G22: =ROUND(SUM(I22:I29),0) -> 4557 | J22: 4125
B23: MATERIALES | C23: =+'LISTA DE INSUMOS'!A52 -> MAT021 | D23: =+'LISTA DE INSUMOS'!B52 -> Puntilla (promedio) | E23: =+'LISTA DE INSUMOS'!C52 -> Lb | F23: 0.02 | G23: =+'LISTA DE INSUMOS'!E52 -> 6690.6972 | H23: 0 | I23: =ROUND((F23*G23),0) -> 134
C24: =+'LISTA DE INSUMOS'!A51 -> MAT020 | D24: =+'LISTA DE INSUMOS'!B51 -> Guadua basa longitud promedio = 5 m | E24: =+'LISTA DE INSUMOS'!C51 -> Un | F24: 0.02 | G24: ='LISTA DE INSUMOS'!E51 -> 8662.35 | H24: =1/3 -> 0.33333333 | I24: =ROUND((F24*G24*H24),0) -> 58
C25: =+'LISTA DE INSUMOS'!A49 -> MAT018 | D25: =+'LISTA DE INSUMOS'!B49 -> Cuartón de sajo 2" x 4" x 2,9 m | E25: =+'LISTA DE INSUMOS'!C49 -> M | F25: 0.1 | G25: ='LISTA DE INSUMOS'!E49 -> 11944.811 | H25: =1/3 -> 0.33333333 | I25: =ROUND((F25*G25*H25),0) -> 398
C26: =+'LISTA DE INSUMOS'!A153 -> MAT112 | D26: =+'LISTA DE INSUMOS'!B153 -> Pintura esmalte para exteriores | E26: =+'LISTA DE INSUMOS'!C153 -> Gl | F26: 0.002 | G26: ='LISTA DE INSUMOS'!E153 -> 99769.89 | H26: 1.03 | I26: =ROUND((F26*G26*H26),0) -> 206
C27: =+'LISTA DE INSUMOS'!A50 -> MAT019 | D27: =+'LISTA DE INSUMOS'!B50 -> Listón sajo de 5 x 3 cm x 2,5 m (varilla) | E27: =+'LISTA DE INSUMOS'!C50 -> M | F27: 0.1 | G27: ='LISTA DE INSUMOS'!E50 -> 7285.5459 | H27: =1/3 -> 0.33333333 | I27: =ROUND((F27*G27*H27),0) -> 243
B28: EQUIPO | C28: =+'LISTA DE INSUMOS'!A768 -> EQU011 | D28: =+'LISTA DE INSUMOS'!B768 -> Equipo completo de topografía | E28: =+'LISTA DE INSUMOS'!C768 -> Día | F28: 1 | G28: =+'LISTA DE INSUMOS'!E768 -> 157665.15 | H28: =1/3000 -> 0.00033333333 | I28: =ROUND((F28*G28*H28),0) -> 53
B29: M . O | C29: =+'LISTA DE INSUMOS'!A13 -> MOB010 | D29: =+'LISTA DE INSUMOS'!B13 -> Comisión topografía (topógrafo + Cadenero 1 + 2 Cadeneros 2) Inc escolta | E29: =+'LISTA DE INSUMOS'!C13 -> Día | F29: 1 | G29: =+'LISTA DE INSUMOS'!E13 -> 623679 | H29: =1/180 -> 0.0055555556 | I29: =ROUND((F29*G29*H29),0) -> 3465
B30: ITE006 | D30: Demolición muro en soga, incluye revoque y/o enchape | E30: M2 | G30: =ROUND(SUM(I30:I33),0) -> 9824
B31: M . O | C31: =+'LISTA DE INSUMOS'!A21 -> MOB018 | D31: =+'LISTA DE INSUMOS'!B21 -> Cuadrilla H 4 Ay (jornal + prestaciones) | E31: =+'LISTA DE INSUMOS'!C21 -> Día | F31: 1 | G31: ='LISTA DE INSUMOS'!E21 -> 327444 | H31: 0.025 | I31: =ROUND((F31*G31*H31),0) -> 8186
C32: =+'LISTA DE INSUMOS'!A14 -> MOB011 | D32: =+'LISTA DE INSUMOS'!B14 -> Acarreo Horizontal (% mano obra) | E32: =+'LISTA DE INSUMOS'!C14 -> % MO | F32: 0.1 | G32: =I31 -> 8186 | H32: 0 | I32: =ROUND((F32*G32),0) -> 819
B33: EQUIPO | C33: =+'LISTA DE INSUMOS'!A758 -> EQU002 | D33: =+'LISTA DE INSUMOS'!B758 -> Herramienta menor (% mano obra) | E33: =+'LISTA DE INSUMOS'!C758 -> %MO | F33: 0.1 | G33: =I31 -> 8186 | H33: 0 | I33: =ROUND((F33*G33),0) -> 819
B34: ITE007 | D34: Demolición muro en pandereta, incluye revoque y/o enchape | E34: M2 | G34: =ROUND(SUM(I34:I37),0) -> 8644
B35: M . O | C35: =+'LISTA DE INSUMOS'!A21 -> MOB018 | D35: =+'LISTA DE INSUMOS'!B21 -> Cuadrilla H 4 Ay (jornal + prestaciones) | E35: =+'LISTA DE INSUMOS'!C21 -> Día | F35: 1 | G35: ='LISTA DE INSUMOS'!E21 -> 327444 | H35: =0.022 -> 0.022 | I35: =ROUND((F35*G35*H35),0) -> 7204
C36: =+'LISTA DE INSUMOS'!A14 -> MOB011 | D36: =+'LISTA DE INSUMOS'!B14 -> Acarreo Horizontal (% mano obra) | E36: =+'LISTA DE INSUMOS'!C14 -> % MO | F36: 0.1 | G36: =I35 -> 7204 | H36: 0 | I36: =ROUND((F36*G36),0) -> 720
B37: EQUIPO | C37: =+'LISTA DE INSUMOS'!A758 -> EQU002 | D37: =+'LISTA DE INSUMOS'!B758 -> Herramienta menor (% mano obra) | E37: =+'LISTA DE INSUMOS'!C758 -> %MO | F37: 0.1 | G37: =I35 -> 7204 | H37: 0 | I37: =ROUND((F37*G37),0) -> 720
B38: ITE008 | D38: Demolición manual de concreto | E38: M3 | G38: =ROUND(SUM(I38:I41),0) -> 286514
B39: M . O | C39: =+'LISTA DE INSUMOS'!A21 -> MOB018 | D39: =+'LISTA DE INSUMOS'!B21 -> Cuadrilla H 4 Ay (jornal + prestaciones) | E39: =+'LISTA DE INSUMOS'!C21 -> Día | F39: 1 | G39: ='LISTA DE INSUMOS'!E21 -> 327444 | H39: 0.7 | I39: =ROUND((F39*G39*H39),0) -> 229211
C40: =+'LISTA DE INSUMOS'!A14 -> MOB011 | D40: =+'LISTA DE INSUMOS'!B14 -> Acarreo Horizontal (% mano obra) | E40: =+'LISTA DE INSUMOS'!C14 -> % MO | F40: 0.1 | G40: =I39 -> 229211 | H40: 0 | I40: =ROUND((F40*G40),0) -> 22921
B41: EQUIPO | C41: =+'LISTA DE INSUMOS'!A758 -> EQU002 | D41: =+'LISTA DE INSUMOS'!B758 -> Herramienta menor (% mano obra) | E41: =+'LISTA DE INSUMOS'!C758 -> %MO | F41: 0.15 | G41: =I39 -> 229211 | H41: 0 | I41: =ROUND((F41*G41),0) -> 34382
B42: ITE009 | D42: Demolición manual de concreto ciclópeo | E42: M3 | G42: =ROUND(SUM(I42:I45),0) -> 204652
B43: M . O | C43: =+'LISTA DE INSUMOS'!A21 -> MOB018 | D43: =+'LISTA DE INSUMOS'!B21 -> Cuadrilla H 4 Ay (jornal + prestaciones) | E43: =+'LISTA DE INSUMOS'!C21 -> Día | F43: 1 | G43: ='LISTA DE INSUMOS'!E21 -> 327444 | H43: 0.5 | I43: =ROUND((F43*G43*H43),0) -> 163722
C44: =+'LISTA DE INSUMOS'!A14 -> MOB011 | D44: =+'LISTA DE INSUMOS'!B14 -> Acarreo Horizontal (% mano obra) | E44: =+'LISTA DE INSUMOS'!C14 -> % MO | F44: 0.1 | G44: =I43 -> 163722 | H44: 0 | I44: =ROUND((F44*G44),0) -> 16372
B45: EQUIPO | C45: =+'LISTA DE INSUMOS'!A758 -> EQU002 | D45: =+'LISTA DE INSUMOS'!B758 -> Herramienta menor (% mano obra) | E45: =+'LISTA DE INSUMOS'!C758 -> %MO | F45: 0.15 | G45: =I43 -> 163722 | H45: 0 | I45: =ROUND((F45*G45),0) -> 24558
B46: ITE010 | D46: Demolición losa sobre terreno e:12 cm | E46: M2 | G46: =ROUND(SUM(I46:I49),0) -> 13862
B47: M . O | C47: =+'LISTA DE INSUMOS'!A21 -> MOB018 | D47: =+'LISTA DE INSUMOS'!B21 -> Cuadrilla H 4 Ay (jornal + prestaciones) | E47: =+'LISTA DE INSUMOS'!C21 -> Día | F47: 1 | G47: ='LISTA DE INSUMOS'!E21 -> 327444 | H47: =1/30 -> 0.033333333 | I47: =ROUND((F47*G47*H47),0) -> 10915
C48: =+'LISTA DE INSUMOS'!A14 -> MOB011 | D48: =+'LISTA DE INSUMOS'!B14 -> Acarreo Horizontal (% mano obra) | E48: =+'LISTA DE INSUMOS'!C14 -> % MO | F48: 0.12 | G48: =I47 -> 10915 | H48: 0 | I48: =ROUND((F48*G48),0) -> 1310
B49: EQUIPO | C49: =+'LISTA DE INSUMOS'!A758 -> EQU002 | D49: =+'LISTA DE INSUMOS'!B758 -> Herramienta menor (% mano obra) | E49: =+'LISTA DE INSUMOS'!C758 -> %MO | F49: 0.15 | G49: =I47 -> 10915 | H49: 0 | I49: =ROUND((F49*G49),0) -> 1637
B50: ITE011 | D50: Demolición viga estructural en concreto secciòn ,40*,40 | E50: M3 | G50: =ROUND(SUM(I50:I55),0) -> 188178
B51: M . O | C51: =+'LISTA DE INSUMOS'!A21 -> MOB018 | D51: =+'LISTA DE INSUMOS'!B21 -> Cuadrilla H 4 Ay (jornal + prestaciones) | E51: =+'LISTA DE INSUMOS'!C21 -> Día | F51: 1 | G51: ='LISTA DE INSUMOS'!E21 -> 327444 | H51: 0.33 | I51: =ROUND((F51*G51*H51),0) -> 108057
C52: =+'LISTA DE INSUMOS'!A14 -> MOB011 | D52: =+'LISTA DE INSUMOS'!B14 -> Acarreo Horizontal (% mano obra) | E52: =+'LISTA DE INSUMOS'!C14 -> % MO | F52: 0.1 | G52: =I51 -> 108057 | H52: 0 | I52: =ROUND((F52*G52),0) -> 10806
B53: EQUIPO | C53: =+'LISTA DE INSUMOS'!A758 -> EQU002 | D53: =+'LISTA DE INSUMOS'!B758 -> Herramienta menor (% mano obra) | E53: =+'LISTA DE INSUMOS'!C758 -> %MO | F53: 0.15 | G53: =I51 -> 108057 | H53: 0 | I53: =ROUND((F53*G53),0) -> 16209
C54: ='LISTA DE INSUMOS'!A761 -> EQU005 | D54: ='LISTA DE INSUMOS'!B761 -> Compresor 185 pies3 CFM de 2 martillos, incluye 2 operarios y combustible | E54: ='LISTA DE INSUMOS'!C761 -> Hr | F54: 1 | G54: ='LISTA DE INSUMOS'!E761 -> 144553.19 | H54: 0.33 | I54: =ROUND((F54*G54*H54),0) -> 47703
C55: =+'LISTA DE INSUMOS'!A762 -> EQU006 | D55: =+'LISTA DE INSUMOS'!B762 -> Andamio (% mano obra) | E55: =+'LISTA DE INSUMOS'!C762 -> %MO | F55: 0.05 | G55: =I51 -> 108057 | H55: 0 | I55: =ROUND((F55*G55),0) -> 5403
B56: ITE012 | D56: Recorrido de techos en teja de barro, debe incluir plataformas de acceso, y plataforma de circulación | E56: M2 | G56: =SUM(I57:I59) -> 34381
B57: M . O | C57: =+'LISTA DE INSUMOS'!A18 -> MOB015 | D57: =+'LISTA DE INSUMOS'!B18 -> Cuadrilla E 1 Of + 1 Ay (jornal + prestaciones) | E57: =+'LISTA DE INSUMOS'!C18 -> Día | F57: 1 | G57: ='LISTA DE INSUMOS'!E18 -> 245584 | H57: =1/15 -> 0.066666667 | I57: =ROUND((F57*G57*H57),0) -> 16372
B58: EQUIPO | C58: =+'LISTA DE INSUMOS'!A758 -> EQU002 | D58: =+'LISTA DE INSUMOS'!B758 -> Herramienta menor (% mano obra) | E58: =+'LISTA DE INSUMOS'!C758 -> %MO | F58: 0.1 | G58: =I57 -> 16372 | H58: 0 | I58: =ROUND((F58*G58),0) -> 1637
C59: ='LISTA DE INSUMOS'!A762 -> EQU006 | D59: ='LISTA DE INSUMOS'!B762 -> Andamio (% mano obra) | E59: ='LISTA DE INSUMOS'!C758 -> %MO | F59: 1 | G59: =I57 -> 16372 | H59: 1 | I59: =ROUND((F59*G59),0) -> 16372
B60: ITE013 | D60: Regata de muros | E60: M | G60: =ROUND(SUM(I60:I63),0) -> 7531
B61: M . O | C61: =+'LISTA DE INSUMOS'!A5 -> MOB002 | D61: =+'LISTA DE INSUMOS'!B5 -> Oficial (jornal + prestaciones) | E61: =+'LISTA DE INSUMOS'!C5 -> Día | F61: 1 | G61: ='LISTA DE INSUMOS'!E5 -> 163723 | H61: 0.04 | I61: =ROUND((F61*G61*H61),0) -> 6549
B62: EQUIPO | C62: =+'LISTA DE INSUMOS'!A758 -> EQU002 | D62: =+'LISTA DE INSUMOS'!B758 -> Herramienta menor (% mano obra) | E62: =+'LISTA DE INSUMOS'!C758 -> %MO | F62: 0.05 | G62: =I61 -> 6549 | H62: 0 | I62: =ROUND((F62*G62),0) -> 327
C63: =+'LISTA DE INSUMOS'!A762 -> EQU006 | D63: =+'LISTA DE INSUMOS'!B762 -> Andamio (% mano obra) | E63: =+'LISTA DE INSUMOS'!C762 -> %MO | F63: 0.1 | G63: =I61 -> 6549 | H63: 0 | I63: =ROUND((F63*G63),0) -> 655
B64: ITE014 | D64: Campamento, incluye teja de zinc, piso en concreto de 17,2 Mpa, tabla. | E64: M2 | G64: =ROUND(SUM(I65:I75),0) -> 147136
B65: MATERIALES | C65: =+'LISTA DE INSUMOS'!A410 -> MAT421 | D65: =+'LISTA DE INSUMOS'!B410 -> Teja Zinc Ondulada 3.058x0.80mt Cal 34 0.20mm | E65: =+'LISTA DE INSUMOS'!C410 -> M2 | F65: 1 | G65: ='LISTA DE INSUMOS'!E410 -> 17557.802 | H65: 1.05 | I65: =ROUND((F65*G65*H65),0) -> 18436
C66: =+'LISTA DE INSUMOS'!A35 -> MAT006 | D66: =+'LISTA DE INSUMOS'!B35 -> Material de peña (recebo) en cantera | E66: =+'LISTA DE INSUMOS'!C35 -> M3 | F66: 0.08 | G66: ='LISTA DE INSUMOS'!E35 -> 55606.3 | H66: 1.3 | I66: =ROUND((F66*G66*H66),0) -> 5783
C67: =+'LISTA DE INSUMOS'!A51 -> MAT020 | D67: =+'LISTA DE INSUMOS'!B51 -> Guadua basa longitud promedio = 5 m | E67: =+'LISTA DE INSUMOS'!C51 -> Un | F67: 0.7 | G67: ='LISTA DE INSUMOS'!E51 -> 8662.35 | H67: 0 | I67: =ROUND((F67*G67),0) -> 6064
C68: =+'LISTA DE INSUMOS'!A46 -> MAT017 | D68: =+'LISTA DE INSUMOS'!B46 -> Tabla para formaleta de 1" x 10" x 2,9 m | E68: =+'LISTA DE INSUMOS'!C46 -> M | F68: 4 | G68: ='LISTA DE INSUMOS'!E46 -> 8112.036 | H68: 0 | I68: =ROUND((F68*G68),0) -> 32448
C69: =+'LISTA DE INSUMOS'!A52 -> MAT021 | D69: =+'LISTA DE INSUMOS'!B52 -> Puntilla (promedio) | E69: =+'LISTA DE INSUMOS'!C52 -> Lb | F69: 0.3 | G69: ='LISTA DE INSUMOS'!E52 -> 6690.6972 | H69: 0 | I69: =ROUND((F69*G69),0) -> 2007
C70: =+'LISTA DE INSUMOS'!A53 -> MAT022 | D70: =+'LISTA DE INSUMOS'!B53 -> Alambre negro calibre 17 | E70: =+'LISTA DE INSUMOS'!C53 -> Kg | F70: 0.3 | G70: ='LISTA DE INSUMOS'!E53 -> 7948.98 | H70: 0 | I70: =ROUND((F70*G70),0) -> 2385
C71: =+'LISTA DE INSUMOS'!A119 -> MAT077 | D71: =+'LISTA DE INSUMOS'!B119 -> Bisagra de acero 3x3" | E71: =+'LISTA DE INSUMOS'!C119 -> Un | F71: 0.5 | G71: ='LISTA DE INSUMOS'!E119 -> 8560.44 | H71: 0 | I71: =ROUND((F71*G71),0) -> 4280
B72: ITEMS | C72: =+B553 -> ITE093 | D72: =+D553 -> Concreto de 17,2 Mpa (2500 psi) (producción) | E72: =+E553 -> M3 | F72: 0.05 | G72: =G553 -> 566526 | H72: 0 | I72: =ROUND((F72*G72),0) -> 28326
B73: M . O | C73: =+'LISTA DE INSUMOS'!A17 -> MOB014 | D73: =+'LISTA DE INSUMOS'!B17 -> Cuadrilla D 2 Of + 4 Ay (jornal + prestaciones) | E73: =+'LISTA DE INSUMOS'!C17 -> Día | F73: 1 | G73: ='LISTA DE INSUMOS'!E17 -> 654890 | H73: 0.06 | I73: =ROUND((F73*G73*H73),0) -> 39293
B74: EQUIPO | C74: =+'LISTA DE INSUMOS'!A758 -> EQU002 | D74: =+'LISTA DE INSUMOS'!B758 -> Herramienta menor (% mano obra) | E74: =+'LISTA DE INSUMOS'!C758 -> %MO | F74: 0.1 | G74: =I73 -> 39293 | H74: 0 | I74: =ROUND((F74*G74),0) -> 3929
C75: =+'LISTA DE INSUMOS'!A769 -> EQU012 | D75: =+'LISTA DE INSUMOS'!B769 -> Vibrocompactador manual | E75: =+'LISTA DE INSUMOS'!C769 -> Día | F75: 1 | G75: ='LISTA DE INSUMOS'!E769 -> 83697.987 | H75: =1/20 -> 0.05 | I75: =ROUND((F75*G75*H75),0) -> 4185
B76: ITE015 | D76: Desmonte techo y estructura de madera inc recuperaciòn | E76: M2 | G76: =ROUND(SUM(I76:I80),0) -> 29470
B77: M . O | C77: =+'LISTA DE INSUMOS'!A9 -> MOB006 | D77: =+'LISTA DE INSUMOS'!B9 -> Cuadrilla A 1 Of + 4 Ay (jornal + prestaciones) | E77: =+'LISTA DE INSUMOS'!C9 -> Día | F77: 1 | G77: ='LISTA DE INSUMOS'!E9 -> 491167 | H77: =1/30 -> 0.033333333 | I77: =ROUND((F77*G77*H77),0) -> 16372
C78: =+'LISTA DE INSUMOS'!A14 -> MOB011 | D78: =+'LISTA DE INSUMOS'!B14 -> Acarreo Horizontal (% mano obra) | E78: =+'LISTA DE INSUMOS'!C14 -> % MO | F78: 0.5 | G78: =I77 -> 16372 | H78: 0 | I78: =ROUND((F78*G78),0) -> 8186
B79: EQUIPO | C79: =+'LISTA DE INSUMOS'!A758 -> EQU002 | D79: =+'LISTA DE INSUMOS'!B758 -> Herramienta menor (% mano obra) | E79: =+'LISTA DE INSUMOS'!C758 -> %MO | F79: 0.05 | G79: =I77 -> 16372 | H79: 0 | I79: =ROUND((F79*G79),0) -> 819
C80: =+'LISTA DE INSUMOS'!A762 -> EQU006 | D80: =+'LISTA DE INSUMOS'!B762 -> Andamio (% mano obra) | E80: =+'LISTA DE INSUMOS'!C762 -> %MO | F80: 0.25 | G80: =I77 -> 16372 | H80: 0 | I80: =ROUND((F80*G80),0) -> 4093
B81: ITE016 | D81: Desmonte cielo falso | E81: M2 | G81: =ROUND(SUM(I81:I85),0) -> 8421
B82: M . O | C82: =+'LISTA DE INSUMOS'!A9 -> MOB006 | D82: =+'LISTA DE INSUMOS'!B9 -> Cuadrilla A 1 Of + 4 Ay (jornal + prestaciones) | E82: =+'LISTA DE INSUMOS'!C9 -> Día | F82: 1 | G82: ='LISTA DE INSUMOS'!E9 -> 491167 | H82: =1/70 -> 0.014285714 | I82: =ROUND((F82*G82*H82),0) -> 7017
C83: =+'LISTA DE INSUMOS'!A14 -> MOB011 | D83: =+'LISTA DE INSUMOS'!B14 -> Acarreo Horizontal (% mano obra) | E83: =+'LISTA DE INSUMOS'!C14 -> % MO | F83: 0.1 | G83: =I82 -> 7017 | H83: 0 | I83: =ROUND((F83*G83),0) -> 702
B84: EQUIPO | C84: =+'LISTA DE INSUMOS'!A758 -> EQU002 | D84: =+'LISTA DE INSUMOS'!B758 -> Herramienta menor (% mano obra) | E84: =+'LISTA DE INSUMOS'!C758 -> %MO | F84: 0.05 | G84: =I82 -> 7017 | H84: 0 | I84: =ROUND((F84*G84),0) -> 351
C85: =+'LISTA DE INSUMOS'!A762 -> EQU006 | D85: =+'LISTA DE INSUMOS'!B762 -> Andamio (% mano obra) | E85: =+'LISTA DE INSUMOS'!C762 -> %MO | F85: 0.05 | G85: =I82 -> 7017 | H85: 0 | I85: =ROUND((F85*G85),0) -> 351
B86: ITE017 | D86: Desmonte de cerramiento en poste de madera y alambre de púas | E86: M | G86: =ROUND(SUM(I86:I89),0) -> 6140
B87: M . O | C87: =+'LISTA DE INSUMOS'!A9 -> MOB006 | D87: =+'LISTA DE INSUMOS'!B9 -> Cuadrilla A 1 Of + 4 Ay (jornal + prestaciones) | E87: =+'LISTA DE INSUMOS'!C9 -> Día | F87: 1 | G87: ='LISTA DE INSUMOS'!E9 -> 491167 | H87: 0.01 | I87: =ROUND((F87*G87*H87),0) -> 4912
C88: =+'LISTA DE INSUMOS'!A14 -> MOB011 | D88: =+'LISTA DE INSUMOS'!B14 -> Acarreo Horizontal (% mano obra) | E88: =+'LISTA DE INSUMOS'!C14 -> % MO | F88: 0.2 | G88: =I87 -> 4912 | H88: 0 | I88: =ROUND((F88*G88),0) -> 982
B89: EQUIPO | C89: =+'LISTA DE INSUMOS'!A758 -> EQU002 | D89: =+'LISTA DE INSUMOS'!B758 -> Herramienta menor (% mano obra) | E89: =+'LISTA DE INSUMOS'!C758 -> %MO | F89: 0.05 | G89: =I87 -> 4912 | H89: 0 | I89: =ROUND((F89*G89),0) -> 246
B90: ITE018 | D90: Desmonte de cerramiento de malla y postería de concreto, no incluye demolición de muro y/o alfajía | E90: M | G90: =ROUND(SUM(I90:I93),0) -> 49116
B91: M . O | C91: =+'LISTA DE INSUMOS'!A9 -> MOB006 | D91: =+'LISTA DE INSUMOS'!B9 -> Cuadrilla A 1 Of + 4 Ay (jornal + prestaciones) | E91: =+'LISTA DE INSUMOS'!C9 -> Día | F91: 1 | G91: ='LISTA DE INSUMOS'!E9 -> 491167 | H91: =1/13 -> 0.076923077 | I91: =ROUND((F91*G91*H91),0) -> 37782
C92: =+'LISTA DE INSUMOS'!A14 -> MOB011 | D92: =+'LISTA DE INSUMOS'!B14 -> Acarreo Horizontal (% mano obra) | E92: =+'LISTA DE INSUMOS'!C14 -> % MO | F92: 0.2 | G92: =I91 -> 37782 | H92: 0 | I92: =ROUND((F92*G92),0) -> 7556
B93: EQUIPO | C93: =+'LISTA DE INSUMOS'!A758 -> EQU002 | D93: =+'LISTA DE INSUMOS'!B758 -> Herramienta menor (% mano obra) | E93: =+'LISTA DE INSUMOS'!C758 -> %MO | F93: 0.1 | G93: =I91 -> 37782 | H93: 0 | I93: =ROUND((F93*G93),0) -> 3778
B94: ITE019 | D94: Desmonte de ventana metálicas o de madera | E94: M2 | G94: =ROUND(SUM(I94:I98),0) -> 12280
B95: M . O | C95: =+'LISTA DE INSUMOS'!A7 -> MOB004 | D95: =+'LISTA DE INSUMOS'!B7 -> Ayudante (jornal + prestaciones) | E95: =+'LISTA DE INSUMOS'!C7 -> Dia | F95: 1 | G95: =+'LISTA DE INSUMOS'!E7 -> 81861 | H95: =1/8 -> 0.125 | I95: =ROUND((F95*G95*H95),0) -> 10233
C96: =+'LISTA DE INSUMOS'!A14 -> MOB011 | D96: =+'LISTA DE INSUMOS'!B14 -> Acarreo Horizontal (% mano obra) | E96: =+'LISTA DE INSUMOS'!C14 -> % MO | F96: 0.1 | G96: =I95 -> 10233 | H96: 0 | I96: =ROUND((F96*G96),0) -> 1023
B97: EQUIPO | C97: =+'LISTA DE INSUMOS'!A758 -> EQU002 | D97: =+'LISTA DE INSUMOS'!B758 -> Herramienta menor (% mano obra) | E97: =+'LISTA DE INSUMOS'!C758 -> %MO | F97: 0.05 | G97: =I95 -> 10233 | H97: 0 | I97: =ROUND((F97*G97),0) -> 512
C98: =+'LISTA DE INSUMOS'!A762 -> EQU006 | D98: =+'LISTA DE INSUMOS'!B762 -> Andamio (% mano obra) | E98: =+'LISTA DE INSUMOS'!C762 -> %MO | F98: 0.05 | G98: =I95 -> 10233 | H98: 0 | I98: =ROUND((F98*G98),0) -> 512
B99: ITE020 | D99: Desmonte de puerta metálicas o de madera, incluye desmonte marco | E99: M2 | G99: =ROUND(SUM(I99:I102),0) -> 10826
B100: M . O | C100: =+'LISTA DE INSUMOS'!A7 -> MOB004 | D100: =+'LISTA DE INSUMOS'!B7 -> Ayudante (jornal + prestaciones) | E100: =+'LISTA DE INSUMOS'!C7 -> Dia | F100: 1 | G100: =+'LISTA DE INSUMOS'!E7 -> 81861 | H100: 0.115 | I100: =ROUND((F100*G100*H100),0) -> 9414
C101: =+'LISTA DE INSUMOS'!A14 -> MOB011 | D101: =+'LISTA DE INSUMOS'!B14 -> Acarreo Horizontal (% mano obra) | E101: =+'LISTA DE INSUMOS'!C14 -> % MO | F101: 0.1 | G101: =I100 -> 9414 | H101: 0 | I101: =ROUND((F101*G101),0) -> 941
B102: EQUIPO | C102: =+'LISTA DE INSUMOS'!A758 -> EQU002 | D102: =+'LISTA DE INSUMOS'!B758 -> Herramienta menor (% mano obra) | E102: =+'LISTA DE INSUMOS'!C758 -> %MO | F102: 0.05 | G102: =I100 -> 9414 | H102: 0 | I102: =ROUND((F102*G102),0) -> 471
...

Sheet PRESUPUESTO 
B3: Obras de reforestación, mantenimiento y aislamiento en zonas de restauración y preservación por ser fajas paralelas a cuerpos de agua, en el marco del Acuerdo CARDER 035 de 2021
B4: PRESUPUESTO OFICIAL | D4: CONDICIONES GENERALES
B5: ITEM | C5: DESCRIPCION | D5: Und | E5: Cant | F5: Vr. Unitario | G5: Vr. Parcial
C6: Reforestación faja de protección | G6: =G7+G8 -> 61641687
B7: Basados en ITEM 413 | C7: Establecimiento plantación + 1 mantenimiento | D7: ='ANALISIS UNITARIOS'!E4341 -> Ha | E7: =1.3+2 -> 3.3 | F7: =D82+D83 -> 10865960 | G7: =E7*F7 -> 35857667
B8: ='ANALISIS UNITARIOS'!B4964 -> ITE463 | C8: ='ANALISIS UNITARIOS'!D4964 -> Cerramiento en poste de guadua 3 hilos de alambre de púas con estacon | D8: ='ANALISIS UNITARIOS'!E4964 -> M | E8: =800+591 -> 1391 | F8: ='ANALISIS UNITARIOS'!G4964 -> 18536.319 | G8: =E8*F8 -> 25784019
C9: Restauración | G9: =G10 -> 32597879
B10: Basados en ITEM 413 | C10: Establecimiento plantación + 1 mantenimiento | D10: Ha | E10: 3 | F10: =F7 -> 10865960 | G10: =E10*F10 -> 32597879
F11: COSTO DIRECTO | H11: =SUM(G6+G9) -> 94239566
F12: AU | G12: =H12/H11 -> 0.57124723 | H12: =AU!I48 -> 53834091
F13: COSTO TOTAL OBRA | H13: =SUM(H11:H12) -> 1.4807366e+08
C19: RESOLUCIÓN ADMINISTRATIVA N. 0123 DEL 25 DE FEBRERO DE 2022 "POR MEDIO DE LA CUAL SE ADOPTA LA BASE DE PRECIOS UNITARIOS PARA LA EJECUCIÓN DE CONTRATOS DE OBRA Y SE DICTAN OTRAS DISPOSICIONES".
K21: SE DEBE PEGAR EL ENCABEZADO PARA SABER CADA VALOR A QUE HACE REFERENCIA
C47: La Corporación suscribió y ejecutó el Convenio Interadministrativo N. 938-2022 con la Corporación Masbosques cuyo objeto fue "“Aunar esfuerzos técnicos, administrativos y financieros entre la CORPORACION AUTONOMA REGIONAL DE RISARALDA CARDER y la CORPORACIÓN PARA EL MANEJO SOSTENIBLE DE LOS BOSQUES “MASBOSQUES” para ejecutar obras de reforestación y primer mantenimiento, aislamiento, fortalecimiento de viveros, y adelantar un procedimiento para desembolsar los recursos de incentivos económicos para la preservación y recuperación de ecosistemas, en el marco del proyecto denominado “RECUPERACIÓN DE ÁREAS DE IMPORTANCIA AMBIENTAL EN CUENCAS ABASTECEDORAS DE ACUEDUCTOS DEL DEPARTAMENTO DE RISARALDA” aprobado por el FONAM”, donde estableció basado en la Resolución administrativa 0123 de 2022 los valores unitarios para establecer la plantación de material vegetal y ejecutar el primer mantenimiento, basados en el ITEM 413 de los mismos. Tomando esta información como referencia para el año 2025 y basados en la Resolución administrastiva N. 0054 del 5 de febrero de 2025 se determina el valor unitario para para establecer la plantación de material vegetal y ejecutar el primer mantenimiento
C76: Valor total | D76: 9724625
C77: Establecer la plantación de material vegetal (ITEM 413) | D77: 5586333 | E77: =D77/D76 -> 0.57445228
C78: Ejecutar el primer mantenimiento | D78: 2174767 | E78: =D78/D76 -> 0.22363505
C80: En tal sentido para el año 2025 sería
C81: Valor total | D81: ='ANALISIS UNITARIOS'!G4341 -> 13615001
C82: Establecer la plantación de material vegetal (ITEM 413) | D82: =D81*E82 -> 7821168.4 | E82: =E77 -> 0.57445228
C83: Ejecutar el primer mantenimiento | D83: =D81*E83 -> 3044791.4 | E83: =E78 -> 0.22363505

Sheet AU
E5: REFORESTACIÓN, RESTAURACIÓN Y DEMARCACIÓN DE FAJAS
E10: Duración: 6 meses
B12: DESGLOCE DEL A.U
B13: COSTOS DIRECTOS | D13: ='PRESUPUESTO '!H11 -> 94239566 | F13: DURACION DE LA OBRA | H13: 30 DIAS CALENDARIO= 1 MESES
B14: ITEM | C14: } | E14: UND | F14: VALOR UNIT | G14: CANTIDAD | H14: DEDICACION | I14: VR / TOTAL
C15: ADMINISTRACION
B16: 1 | C16: PERSONAL ADMINISTRATIVO (CON VINCULACIÓN) MAYOR 2 SMMLV
B17: 1.01 | I17: =+F17*G17*H17 -> 0
B18: 1.02 | I18: =+F18*G18*H18 -> 0
C19: Subtotal | I19: =SUM(I17:I18) -> 0
C20: PRESTACIONES | H20: 0.6041 | I20: =+I19*H20 -> 0
C21: SUBTOTAL PERSONAL ADMINISTRATIVO | H21: =+I21/$D$13 -> 0 | I21: =+I20+I19 -> 0
B22: 2 | C22: PERSONAL TÉCNICO (SIN VINCULACIÓN)
B23: 2.01 | C23: Coordinador Forestal | E23: MES | F23: 5000000 | G23: 7 | H23: 0.4 | I23: =+F23*G23*H23 -> 14000000
B24: 2.02 | C24: Técnologo Forestal o Agroforestal dedicación | E24: MES | F24: 2800000 | G24: 4 | H24: 0.8 | I24: =+F24*G24*H24 -> 8960000
C25: Subtotal | I25: =SUM(I23:I24) -> 22960000
C26: SUBTOTAL PERSONAL ADMINISTRATIVO | H26: =+I26/$D$13 -> 0.2436344 | I26: =SUM(I25) -> 22960000
B28: 3 | C28: PERSONAL ADMINISTRATIVO (SIN VINCULACIÓN) ASESORES
B29: 3.01 | C29: Asesor en seguridad industrial y salud ocupacional | D29: Asesor en seguridad industrial y salud ocupacional | E29: MES | F29: 3400000 | G29: 7 | H29: 0.2 | I29: =+F29*G29*H29 -> 4760000
B30: 3.02 | C30: Trabajador Social dedicación | E30: MES | F30: 3400000 | G30: 4 | H30: 0.8 | I30: =+F30*G30*H30 -> 10880000
C31: SUBTOTAL PERSONAL ADMINISTRATIVO | H31: =+I31/$D$13 -> 0.16596002 | I31: =SUM(I29:I30) -> 15640000
B33: 4 | C33: GASTOS ADMINISTRATIVOS
B34: 4.02 | C34: Botiquin primeros auxilios | E34: Unidad | F34: 250000 | G34: 1 | H34: N/A | I34: =+F34*G34 -> 250000
C35: SUBTOTAL GASTOS ADMINISTRATIVOS | H35: =+I35/$D$13 -> 0.0026528136 | I35: =SUM(I34:I34) -> 250000
B37: 4 | C37: IMPUESTOS
B38: 4.012 | C38: Contribución prouniversidad | E38: % VLR CONT | F38: 0.01 | G38: =D13*0.01 -> 942395.66 | I38: =G38 -> 942395.66
B39: 4.02 | C39: Retención contrato de obra | E39: % VLR CONT | F39: 0.02 | G39: =D13*0.02 -> 1884791.3 | I39: =G39 -> 1884791.3
B40: 4.03 | C40: Retención industria y comercio | E40: % VLR CONT | F40: 0.007 | G40: =D13*0.007 -> 659676.96 | I40: =G40 -> 659676.96
B41: 4.04 | C41: Contribución especial obra publica | E41: % VLR CONT | F41: 0.05 | G41: =D13*0.05 -> 4711978.3 | I41: =G41 -> 4711978.3
B42: 4.05 | C42: Retención de iva | E42: % VLR CONT | F42: 0.015 | G42: =D13*0.015 -> 1413593.5 | I42: =G42 -> 1413593.5
B43: 4.06 | C43: Polizas | E43: % VLR CONT | F43: 0.007 | G43: =D13*0.007 -> 659676.96 | I43: =G43 -> 659676.96
C44: SUBTOTAL GASTOS IMPUESTOS Y POLIZAS | G44: =I44/D13 -> 0.109 | I44: =SUM(I38:I43) -> 10272113
B46: TOTAL GASTOS ADMINISTRACION | H46: =G44+H35+H31+H26+H21 -> 0.52124723 | I46: =I31+I35+I44+I26 -> 49122113
B47: UTILIDAD | H47: 0.05 | I47: =+D13*H47 -> 4711978.3
B48: TOTAL A.U. | H48: =+H46+H47 -> 0.57124723 | I48: =SUM(I46:I47) -> 53834091

Sheet PROYECCIÓN EN TIEMPO
C6: CRONOGRAMA | D6: MES 1 | E6: MES 2 | F6: MES 3 | G6: MES 4 | H6: MES 5 | I6: MES 6 | J6: MES 7
C7: REFORESTACIÓN
C8: Visitas de caracterización zonas a reforestar
C9: Reforestar 3,3 ha faja el Manzano con Resolución CARDER
C10: Mantenimiento de la reforestación
C11: RESTAURACIÓN
C12: Visitas de caracterización zonas a restaurar
C13: Restaurar 8 ha con 200 arboles/ha
C14: Mantenimiento de arboles sembrados

Sheet Datos de ejemplo
B1: NOTA: Esta hoja permanecerá oculta. | W1: =CompanyName & " CUSTOMER" -> #REF!
B2: =CompanyName -> #REF!
B3: DATOS DE EJEMPLO
B6: Id. cliente | C6: Compañía | D6: Contacto | E6: Tipo de contacto | F6: Teléfono | G6: Móvil | H6: Fax | I6: Correo electrónico | J6: Twitter | K6: Facebook | L6: LinkedIn | M6: Sitio web | N6: Dirección | O6: Ciudad | P6: Provincia | Q6: Código postal | R6: País | S6: Instrucciones | T6: Cargo de contacto | U6: Notas
B7: CU0001 | C7: Adventure Works | D7: Greg Akselrod | E7: Personal | F7: 1235550123 | G7: 1235550131 | H7: 1235550139 | I7: AdventureWorks@live.com | J7: @AdventureWrks | K7: AdventureWrks | L7: AdventureWorks | M7: adventure-works.com | N7: 1 Microsoft Way | O7: Redmond | P7: WA | Q7: 98052 | R7: Estados Unidos
B8: CU0002 | C8: A Datum Corporation | D8: Abolrous, Hazem | E8: Empresa | F8: 1235550124 | G8: 1235550132 | H8: 1235550140 | I8: hazem@example.com
B9: CU0003 | C9: Alpine Ski House | D9: Abu-Deyah, Ahmed | E9: Personal | F9: 1235550125 | G9: 1235550133 | H9: 1235550141 | I9: ahmed@example.com
B10: CU0004 | C10: Blue Yonder Airlines | D10: Ackerman, Pilar | E10: Empresa | F10: 1235550126 | G10: 1235550134 | H10: 1235550142 | I10: pilar@example.com
B11: CU0005 | C11: City Power & Light | D11: Adams, Terry | E11: Empresa | F11: 123-555-0127 | G11: 1235550135 | H11: 1235550143 | I11: terry@example.com
B12: CU0006 | C12: Coho Vineyard | D12: Agarwal, Nupur | E12: Empresa | F12: 123-555-0128 | G12: 1235550136 | H12: 1235550144 | I12: nupur@example.com
B13: CU0007 | C13: Coho Winery | D13: Alexander, Sean P | E13: Empresa | F13: 123-555-0129 | G13: 1235550137 | H13: 1235550145 | I13: sean@example.com
B14: CU0008 | C14: Coho Vineyard & Winery | D14: Barnett, Dave | E14: Empresa | F14: 123-555-0130 | G14: 1235550138 | H14: 1235550146 | I14: dave@example.com
B26: Datos de usuario
B28: Id. cliente | C28: Compañía | D28: Contacto | E28: Tipo de contacto | F28: Teléfono | G28: Móvil | H28: Fax | I28: Correo electrónico | J28: Twitter | K28: Facebook | L28: LinkedIn | M28: Sitio web | N28: Dirección | O28: Ciudad | P28: Provincia | Q28: Código postal | R28: País | S28: Instrucciones | T28: Cargo de contacto | U28: Notas
B29: Escribir Id. | C29: Escribir compañía
